 Dungeon Crawl Stone Soup version 0.19-a0-1193-g2641e52 (webtiles) character file.

112 epen the Ducker (level 4, 0/37 HPs)
             Began as a Merfolk Monk on Aug 19, 2016.
             Slain by a worker ant (5 damage)
             ... on level 3 of the Dungeon.
             The game lasted 00:02:59 (2235 turns).

epen the Ducker (Merfolk Monk)                      Turns: 2235, Time: 00:03:01

Health: 0/37       AC:  3    Str: 11    XL:     4   Next: 95%
Magic:  4/4        EV: 15    Int:  9    God:
Gold:   249        SH:  0    Dex: 17    Spells: 0 memorised, 3 levels left

rFire  + . .     SeeInvis .       - Unarmed
rCold  . . .     Gourm    .     d - +0 robe {rN+}
rNeg   + . .     Faith    +     (no shield)
rPois  .         Spirit   .     (no helmet)
rElec  .         Dismiss  .     (no cloak)
rCorr  .         Reflect  .     l - +0 pair of gloves
MR     .....     Harm     .     (no boots)
Stlth  +.........               n - amulet of faith
                                r - ring of loudness (curse)
                                m - ring of protection from fire

@: lethally poisoned (0 -> -6)
A: change form in water, swift swim
a: no special abilities


You were on level 3 of the Dungeon.
You were not hungry.

You visited 1 branch of the dungeon, and saw 4 of its levels.

You collected 249 gold pieces.

Inventory:

Missiles
 o - a throwing net (quivered)
Armour
 a - a +0 robe
 d - a +0 robe of positive energy (worn)
 l - a +0 pair of gloves (worn)
Jewellery
 m - a ring of protection from fire (left hand)
 n - an amulet of faith (around neck)
 r - a cursed ring of loudness (right hand)
Wands
 v - a wand of iceblast (5/15)
 x - a wand of confusion (34/48)
Scrolls
 c - 3 scrolls of teleportation {unknown}
 e - a scroll of identify {unknown}
 h - a scroll of enchant weapon {unknown}
 k - 3 scrolls of amnesia {unknown}
 w - a scroll of enchant armour {unknown}
 y - a scroll of remove curse {unknown}
Potions
 i - 4 potions of curing {unknown}
 p - 2 potions of degeneration {unknown}
 q - a potion of might {unknown}
 s - a potion of agility {unknown}
 t - a potion of haste {unknown}
 u - a potion of lignification {unknown}
 z - a potion of flight {unknown}
Books
 B - a book of Flames

   Spells                             Type                      Level
   a - Flame Tongue                   Conjuration/Fire             1
   b - Throw Flame                    Conjuration/Fire             2
   c - Conjure Flame                  Conjuration/Fire             3
   d - Inner Flame                    Hexes/Fire                   3
   e - Sticky Flame                   Conjuration/Fire             4
   f - Fireball                       Conjuration/Fire             5
Comestibles
 b - 2 bread rations
 f - 2 meat rations
 g - a slice of pizza
 j - 4 fruits
 A - a beef jerky


   Skills:
 + Level 3.8 Fighting
 + Level 5.0 Dodging
 - Level 2.1 Stealth
 * Level 5.0 Unarmed Combat


You had 3 spell levels left.
You didn't know any spells.

Dungeon Overview and Level Annotations

Branches:
Dungeon (4/15)
 Temple: D:4-7

Altars:
Gozag
Vehumet


Message History

The worker ant is severely wounded.
You feel sick. The worker ant closely misses you.
You hit the worker ant.
The worker ant is almost dead.
The worker ant completely misses you.
You barely miss the worker ant.
The worker ant is almost dead.
You feel sick. The worker ant bites you.
* * * LOW HITPOINT WARNING * * *
You are too injured to fight recklessly!
You are too injured to fight recklessly!
You barely miss the worker ant.
The worker ant is almost dead.
* * * LOW HITPOINT WARNING * * *
You feel sick. The worker ant bites you.
* * * LOW HITPOINT WARNING * * *
You closely miss the worker ant.
The worker ant is almost dead.
The worker ant bites you.
You die...

###........# #..
#........# #..
#........# #..
#........# #..
#........# ###
#.######## #.#
##########
#######a#######.........
#......@................
#.#############.........
#.#### #......... #....#
#......... ####.#
#......... #[#
#.........
#.##########.........
#.........###########
#.........#


You could see a worker ant.

Vanquished Creatures
  The ghost of herpmino the Charlatan, a weakling FeAr (D:3)
  3 adders
  An ooze (D:3)
  A worm (D:2)
  A dart slug (D:1)
  2 giant geckos
  5 bats
  3 giant cockroaches
  9 goblins
  4 hobgoblins
  3 giant newts
  8 kobolds
  7 rats
48 creatures vanquished.

Notes
Turn   | Place    | Note
-------+----------+-------------------------------------------
     0 | D:1      | epen the Merfolk Monk began the quest for the Orb.
     0 | D:1      | Reached XP level 1. HP: 18/18 MP: 1/1
   209 | D:1      | Reached XP level 2. HP: 24/24 MP: 2/2
   534 | D:1      | Reached XP level 3. HP: 29/29 MP: 3/3
  1511 | D:3      | Reached XP level 4. HP: 36/36 MP: 4/4
  1724 | D:3      | Noticed herpmino's ghost (weakling FeAr)
  1734 | D:3      | Killed herpmino's ghost
  1891 | D:3      | Reached skill level 5 in Dodging
  2085 | D:3      | Reached skill level 5 in Unarmed Combat
  2126 | D:3      | Found an opulent altar of Gozag.
  2126 | D:3      | Found a radiant altar of Vehumet.
  2235 | D:3      | Slain by a worker ant

Vault maps used:
D:1:      sevenhm_arrival_forest_fort_small_3
D:3:      amethyst_overflow_temple_binary, first_bread
D:4:      xom_confusion_cloud, serial_shops, nicolae_shop_behind_doors, shop,
          uniq_duvessa

Skill      XL: |  1  2  3  4 |
---------------+-------------+-----
Unarmed Combat | 4 5 |  5.0
Dodging        | 5 |  5.0
Fighting       | |  3.8
Stealth        | |  2.1

Action                   |  1- 3 |  4- 6 || total
-------------------------+-------+-------++-------
Melee: Unarmed           |    99 |    56 ||   155
       Punch             |     4 |       ||     4
 Stab: Sleeping          |    10 |       ||    10
       Distracted        |     1 |       ||     1
  Eat: Chunk             |     2 |     2 ||     4
Armor: Robe              |    14 |     7 ||    21
Dodge: Dodged            |    47 |    35 ||    82
